 Dungeon Crawl Stone Soup version 0.14-a0-3520-g290746a (webtiles) character file.

166 Maka the Poker (level 3, -2/29 HPs)
             Began as a Demonspawn Berserker on Mar 27, 2014.
             Was a Believer of Trog.
             Killed by nerve-wracking pain
             ... invoked by Grinder
              (6 damage)
             ... on Level 3 of the Dungeon.
             The game lasted 00:08:02 (2297 turns).

Maka the Poker (Demonspawn Berserker)               Turns: 2297, Time: 00:08:02

HP  -2/29        AC  4     Str 22      XL: 3   Next: 98%
MP   3/3         EV 11     Int  8      God: Trog [**....]
Gold 99          SH  0     Dex 13      Spells:  0 memorised,  2 levels left

rFire  . . .     SeeInvis .     a - +0 spear
rCold  . . .     Clarity  .     f - +0 leather armour (curse)
rNeg   . . .     Conserve .     (no shield)
rPois  .         rCorr    .     (no helmet)
rElec  .         rRot     .     (no cloak)
SustAb . .       Spirit   .     (no gloves)
rMut   .         Warding  .     (no boots)
Saprov . . .     Stasis   .     (no amulet)
MR     .....                    (no ring)
                                g - +5 ring of strength

@: not resistant to hostile enchantments, very unstealthy
A: icy blue scales 1
a: Burn Spellbooks, Berserk, Trog's Hand, Renounce Religion


You were on level 3 of the Dungeon.
You worshipped Trog.
Trog was pleased with you.
You were hungry.

You visited 1 branch of the dungeon, and saw 3 of its levels.

You collected 99 gold pieces.

Inventory:

Hand weapons
 a - a +0,+0 spear (weapon)
Armour
 f - a cursed +0 leather armour (worn)
Comestibles
 b - 13 strawberries
 c - 5 bread rations
 r - 2 apples
 t - a meat ration
Scrolls
 j - a scroll of immolation {unknown}
 k - a scroll of enchant weapon I {unknown}
 l - a scroll of recharging {unknown}
 n - a scroll of amnesia {unknown}
 o - a scroll of fear {unknown}
 p - a scroll of enchant weapon II {unknown}
Jewellery
 g - a +5 ring of strength (left hand)
Potions
 e - 4 potions of curing
 h - a potion of flight {unknown}
 i - a potion of restore abilities {unknown}
 q - 2 potions of cure mutation {unknown}
 s - a potion of invisibility {unknown}


   Skills:
 - Level 3.0 Fighting
 + Level 4.4 Polearms
 - Level 1.7 Armour
 - Level 1.7 Dodging


You had 2 spell levels left.
You didn't know any spells.

Dungeon Overview and Level Annotations

Branches:
Dungeon (3/15)

Altars:
Nemelex Xobeh

Annotations:
D:3 Grinder


Innate Abilities, Weirdness & Mutations

You are partially covered in icy blue scales (AC +1).


Message History

Grinder is heavily wounded.
You hit Grinder.
Grinder is heavily wounded.
Grinder barely misses you.
You closely miss Grinder.
Grinder is heavily wounded.
Your skin stops crawling.
You feel less resistant to hostile enchantments.
Grinder hits you but does no damage.
You hit Grinder but do no damage.
Grinder is heavily wounded.
Grinder hits you!
* * * LOW HITPOINT WARNING * * *
You writhe in agony.
* * * LOW HITPOINT WARNING * * *
You hit Grinder but do no damage.
Grinder is heavily wounded.
Grinder gestures at you. Pain shoots through your body!
You die...

#####################.#####.##.##
....%..............>.(...........
##########....[.......#.###.#####
#............# # #............#
#............# #............##
#............... #....$.@5...##
#...........+ #...........#
#############


You could see Grinder.

Vanquished Creatures
  2 worms
  5 giant geckos
  An ooze (D:1)
  An orc (D:3)
  4 giant cockroaches
  3 hobgoblins
  A quokka (D:3)
  2 ball pythons (D:3)
  6 bats
  4 giant newts
  5 goblins
  9 jackals
  4 kobolds
  4 rats
51 creatures vanquished.

Notes
Turn   | Place    | Note
--------------------------------------------------------------
     0 | D:1      | Maka, the Demonspawn Berserker, began the quest for the Orb.
     0 | D:1      | Reached XP level 1. HP: 18/18 MP: 1/1
   222 | D:1      | Found a sparkling altar of Nemelex Xobeh.
   456 | D:1      | Gained mutation: You are partially covered in icy blue scales (AC +1). [demonic ancestry]
   456 | D:1      | Reached XP level 2. HP: 16/24 MP: 2/2
   783 | D:1      | Acquired Trog's second power
  1080 | D:2      | Reached XP level 3. HP: 29/29 MP: 3/3
  1540 | D:2      | Reached skill level 4 in Polearms
  2198 | D:3      | Noticed Grinder
  2198 | D:3      | Paralysed by Grinder for 4 turns
  2278 | D:3      | Paralysed by Grinder for 7 turns
  2283 | D:3      | HP: 1/29 [Grinder/wand of frost (7)]
  2297 | D:3      | Killed from afar by Grinder

Action                   || total
-------------------------++-------
Melee: Spear             ||   267
Invok: Trog's Hand       ||     4
  Use: Potion            ||     3
       Scroll            ||     2
 Stab: Sleeping          ||     1
